 Dungeon Crawl Stone Soup version 0.31-a0-816-gd61d57ddb1 (webtiles) character file.

Game seed: 15834806545834048428

210 Maratek the Magician (level 5, -1/22 (28) HPs)
             Began as a Deep Elf Earth Elementalist on Sept 22, 2023.
             Was a Follower of Kikubaaqudgha.
             Frozen to death by an endoplasm (2 damage)
             ... on level 4 of the Dungeon.
             The game lasted 00:06:18 (2515 turns).

Maratek the Magician (Deep Elf Earth Elementalist)  Turns: 2515, Time: 00:06:20

HP:   -1/22 (28)    AC:  8    Str:  5    XL:     5   Next: 56%
MP:   9/15          EV: 10    Int: 22    God:    Kikubaaqudgha [*.....]
Gold: 167           SH:  0    Dex: 21    Spells: 14/15 levels left

rFire   . . .        (no weapon)
rCold   . . .        (no shield)
rNeg    . . .        l - +1 swamp dragon scales
rPois   +            (no helmet)
rElec   .            (no cloak)
rCorr   .            (no gloves)
SInv    .            (no boots)
Will    .....        h - amulet of magic regeneration
Stlth   ++           o - +6 ring of dexterity
HPRegen 0.23/turn    (no ring)
MPRegen 0.54/turn

%: no passive effects
@: heavily drained
A: no striking features
a: Renounce Religion, Unearth Wretches


You were on level 4 of the Dungeon.
You worshipped Kikubaaqudgha.
Kikubaaqudgha was aware of your devotion.
You visited 1 branch of the dungeon, and saw 4 of its levels.

You collected 167 gold pieces.

Inventory:

Armour
 j - an orb of guile
 l - +1 swamp dragon scales (worn)
Jewellery
 h - an amulet of magic regeneration (around neck)
 o - a +6 ring of dexterity (left hand)
Wands
 m - a wand of digging (8)
Scrolls
 a - a scroll of identify
Potions
 b - a potion of magic
 c - 2 potions of mutation
 d - a potion of haste {unknown}
 f - a potion of berserk rage {unknown}
 i - a potion of invisibility {unknown}
 k - a potion of might {unknown}
 n - a potion of lignification {unknown}


   Skills:
 + Level 2.7 Dodging
 + Level 2.5 Stealth
 + Level 5.7 Spellcasting
 + Level 1.1 Transmutations
 + Level 5.4 Earth Magic


You had 14 spell levels left.
You knew the following spells:

 Your Spells              Type           Power      Damage    Failure   Level
a - Sandblast             Erth           60%        2d14      4%          1

Your spell library contained the following spells:

 Spells                   Type           Power      Damage    Failure   Level
 Passwall                 Tmut/Erth      16%        N/A       19%         2
 Necrotise                Necr           24%        1d5       41%         1
 Stone Arrow              Conj/Erth      36%        3d9       41%         3
 Cigotuvi's Dreadful Rot  Necr/Pois/Air  12%        N/A       56%         2
 Sublimation of Blood     Necr           6%         N/A       56%         2
 Petrify                  Tmut/Erth      20%        N/A       75%         4
 Brom's Barrelling Bould  Conj/Erth      18%        2d4       83%         4
 Animate Dead             Necr           6%         N/A       99%         4


Dungeon Overview and Level Annotations

Branches:
Dungeon (4/15)
 Temple: D:4-7

Altars:
Kikubaaqudgha


Message History

A gnoll comes into view. It is wielding a +0 halberd.
The endoplasm hits you but does no damage.
The orc hits you but does no damage.
The endoplasm hits you but does no damage.
The blast of sand hits the orc.
The orc is moderately wounded.
The orc misses you. The endoplasm hits you.
The blast of sand hits the orc!
You kill the orc!
Kikubaaqudgha accepts your kill. The orc hits you but does no damage.
You feel drained. The endoplasm hits you.
The orc hits you with a +2 dagger of draining.
You feel drained.
The endoplasm hits you but does no damage.
The blast of sand hits the orc but does no damage.
The orc hits you with a +2 dagger of draining.
You feel drained.
The endoplasm hits you but does no damage.
The blast of sand hits the orc but does no damage.
The orc hits you but does no damage.
You feel drained.
The gnoll hits you from afar with a +0 halberd.
The endoplasm freezes you.
You are frozen.
* * * LOW HITPOINT WARNING * * *
The endoplasm hits you but does no damage.
The orc hits you with a +2 dagger of draining.
* * * LOW HITPOINT WARNING * * *
You feel drained. The gnoll barely misses you.
You are too injured to fight recklessly!
Aiming: Sandblast (safe; 4% risk of failure)
Press: ? - help, Q - select action, (/) - cycle Shift-Dir - straight line, f/p - orc
Aim: an orc, wielding a +2 dagger of draining and wearing a +0 chain mail (88% to hit)
The blast of sand hits the orc but does no damage.
The orc hits you but does no damage.
You feel drained.
The gnoll hits you from afar with a +0 halberd.
* * * LOW HITPOINT WARNING * * *
The endoplasm freezes you.
You are frozen.
You die...
Kikubaaqudgha rasps: "You have failed me!
Welcome... death!"

####.#.....#.#..#.#......##
#.#....................#
####.#.#................#.#
#....#..##............##..#
#....#..#.#..........#.#..#
#....#...#.##......##.#...#
#.)..#....##.#....#.##....#
#...##....#.#.#..#.#.#....#
#..........#.##.@##.#. ...#
######......##.o)J##
#......#...g..#
#......#...)..#
#......##....##
#.....#.##..##
#....#.#.#..# #....##.#....
#...#. #.....


You could see a gnoll, an orc and an endoplasm.

Vanquished Creatures
  An orc priest (D:3)
  A gnoll bouda (D:4)
  4 gnolls (D:4)
  3 adders
  2 worms (D:2)
  4 dart slugs (D:1)
  8 orcs
  4 ball pythons
  7 endoplasms
  3 giant cockroaches
  2 goblins (D:3)
  4 hobgoblins
  2 jackals (D:2)
  4 quokkas
  4 bats
  2 frilled lizards
  8 kobolds
  6 rats
69 creatures vanquished.

Notes
Turn   | Place    | Note
-------+----------+-------------------------------------------
     0 | D:1      | Maratek the Deep Elf Earth Elementalist began the quest for
                  | the Orb.
     0 | D:1      | Reached XP level 1. HP: 10/10 MP: 6/6
   131 | D:1      | Reached XP level 2. HP: 15/15 MP: 5/8
   853 | D:1      | Reached XP level 3. HP: 19/19 MP: 8/10
  1412 | D:2      | Reached XP level 4. HP: 24/24 MP: 10/12
  1824 | D:3      | Found a faded altar of an unknown god.
  1834 | D:3      | Prayed at the altar of an unknown god.
  1834 | D:3      | Became a worshipper of Kikubaaqudgha
  1834 | D:3      | Reached * piety under Kikubaaqudgha
  1834 | D:3      | Received a gift from Kikubaaqudgha
  2041 | D:3      | Reached skill level 5 in Earth Magic
  2500 | D:4      | Reached XP level 5. HP: 27/28 MP: 12/14
  2502 | D:4      | Reached skill level 5 in Spellcasting
  2515 | D:4      | HP: 1/22 [gnoll/+0 halberd[a gnoll bouda] (4)]
  2515 | D:4      | Frozen to death by an endoplasm

Illustrated notes

Levels and vault maps discovered:
D:1:      lightli_arrival_statue_moat, layout_loops_ring, serial_park_tiny_1
D:2:      minmay_door_path, layout_rooms, minmay_pentomino_pile
D:3:      layout_loops_ring, ebering_ecumenical_altar_petrified,
          minmay_misc_feat_doors
D:4:      layout_basic, minmay_temple_entry_grid, chequers_decorated_corner,
          minmay_misc_feat_secret_circle

Skill      XL: |  1  2  3  4  5 |
---------------+----------------+-----
Spellcasting   | 4 5 |  5.7
Earth Magic    | 4 5 |  5.4
Dodging        | |  2.7
Stealth        | |  2.5
Transmutations | |  1.1

Action                     |  1- 3 |  4- 6 || total
---------------------------+-------+-------++-------
   Cast: Sandblast         |    58 |    50 ||   108
    Use: Scroll            |       |     8 ||     8
 Armour: Robe              |    12 |       ||    12
         Swamp dragon scal |     3 |    24 ||    27
  Dodge: Dodged            |    11 |    11 ||    22

Table legend: (Time is in decaauts)
 A = Elapsed time spent in this place.
 B = Non-inter-level travel time spent in this place.
 C = Inter-level travel time spent in this place.
 D = Time resting spent in this place.
 E = Time spent auto-exploring this place.
 F = Levels seen in this place.
 G = Mean time per level.
                   A        B        C        D        E       F      G
               +--------+--------+--------+--------+--------+-----+--------+
         Total |   2567 |   2413 |    154 |      0 |   2011 |   4 |  641.8 |
       Dungeon |   2567 |   2413 |    154 |      0 |   2011 |   4 |  641.8 |
               +--------+--------+--------+--------+--------+-----+--------+

Top non-repeatable levels by time:
     D:1: 1027 daAuts
     D:3: 739 daAuts
     D:2: 719 daAuts
     D:4: 80 daAuts
